 Dungeon Crawl Stone Soup version 0.20.1-1-g8b1a95d (webtiles) character file.

2719 jmlagarto the Slinger (level 9, -13/64 HPs)
             Began as a Halfling Hunter on Sept 12, 2017.
             Was an Elder of Okawaru.
             Killed from afar by a crimson imp (15 damage)
             ... with a wand of acid (?/15)
             ... on level 7 of the Dungeon.
             The game lasted 00:09:27 (7447 turns).

jmlagarto the Slinger (Halfling Hunter)             Turns: 7447, Time: 00:09:27

Health: -13/64     AC:  5    Str: 11 (13) XL:     9   Next: 98%
Magic:  9/9        EV: 16    Int:  9      God:    Okawaru [****..]
Gold:   200        SH:  0    Dex: 16 (18) Spells: 8/8 levels left

rFire    . . .     SeeInvis +   a - +1 hunting sling
rCold    . . .     Gourm    .   (shield restricted)
rNeg     . . .     Faith    .   c - +0 leather armour
rPois    .         Spirit   .   (no helmet)
rElec    .         Reflect  .   (no cloak)
rCorr    .         Harm     .   H - +2 pair of gloves
MR       .....                  (no boots)
Stlth    ++........             (no amulet)
Regen    0.2/turn               w - ring of see invisible
MPRegen  0.2/turn               v - +5 ring of protection

@: corroded
A: icy blue scales 1, mutation resistance 1
a: Heroism, Renounce Religion


You were on level 7 of the Dungeon.
You worshipped Okawaru.
Okawaru was greatly pleased with you.
You were very full.

You visited 1 branch of the dungeon, and saw 8 of its levels.

You collected 284 gold pieces.
You spent 84 gold pieces at shops.

Inventory:

Hand Weapons
 a - a +1 hunting sling (weapon)
 b - a +0 short sword
Missiles
 e - 163 stones (quivered)
Armour
 c - a +0 leather armour (worn)
 H - a +2 pair of gloves (worn)
Jewellery
 q - an uncursed ring of protection from magic
 v - a +5 ring of protection (right hand)
 w - a ring of see invisible (left hand)
 J - a +3 ring of intelligence
Wands
 s - a wand of acid (3/15)
 C - a wand of enslavement (17/24)
 D - a wand of scattershot (2/9)
 G - a wand of scattershot (4/9)
 L - a wand of disintegration (6/24)
Scrolls
 g - a scroll of fog {unknown}
 h - 9 scrolls of identify {unknown}
 j - 2 scrolls of teleportation {unknown}
 k - a scroll of blinking {unknown}
 l - 3 scrolls of amnesia {unknown}
 m - 2 scrolls of enchant armour {unknown}
 n - 2 scrolls of remove curse {unknown}
 p - 2 scrolls of magic mapping {unknown}
 y - a scroll of immolation {unknown}
 A - a scroll of fear {unknown}
 E - 2 scrolls of random uselessness {unknown}
 K - a scroll of recharging {unknown}
Potions
 i - 3 potions of magic
 r - a potion of curing
 t - a potion of mutation
 x - a potion of lignification {unknown}
 z - 2 potions of ambrosia {unknown}
 F - a potion of degeneration
Books
 B - a book of Minor Magic

   Spells                             Type                      Level
   a - Magic Dart                     Conjuration                  1
   b - Blink                          Translocation                2
   c - Call Imp                       Summoning                    2
   d - Slow                           Hexes                        2
   e - Conjure Flame                  Conjuration/Fire             3
   f - Mephitic Cloud                 Conjuration/Poison/Air       3
 I - a book of Geomancy

   Spells                             Type                      Level
   a - Sandblast                      Earth                        1
   b - Passwall                       Transmutation/Earth          2
   c - Stone Arrow                    Conjuration/Earth            3
   d - Petrify                        Transmutation/Earth          4
   e - Lee's Rapid Deconstruction     Earth                        5
Comestibles
 f - 5 bread rations
 o - a meat ration
 u - 3 royal jellies


   Skills:
 + Level 7.0 Fighting
 + Level 13.5 Slings
 + Level 3.7 Armour
 + Level 4.3 Dodging
 + Level 2.3 Stealth
 + Level 0.2 Invocations


You had 8 spell levels left.
You didn't know any spells.

Dungeon Overview and Level Annotations

Branches:
Dungeon (8/15)             Temple (0/1) D:6
   Lair: D:8-11

Altars:
Okawaru
Vehumet
Xom
Zin
The Shining One

Shops:
D:5 (   D:6 (


Innate Abilities, Weirdness & Mutations

You are small and have problems with some larger weapons.
You are somewhat resistant to further mutation.
You are partially covered in icy blue scales. (AC +2)


Message History

You shoot a stone.
The stone hits the crimson imp but does no damage.
The crimson imp is moderately wounded.
The crimson imp zaps a wand.
The bolt of acid hits you!
You are splashed with acid!
The acid burns!
* * * LOW HITPOINT WARNING * * *
You are too injured to fight recklessly!
You are too injured to fight recklessly!
You are too injured to fight recklessly!
You are too injured to fight recklessly!
You are too injured to fight recklessly!
It was a potion of curing.
You feel better.
The crimson imp zaps a wand.
The bolt of acid hits you!
* * * LOW HITPOINT WARNING * * *
The acid corrodes you!
You are splashed with acid!
The acid burns!
* * * LOW HITPOINT WARNING * * *
It was a potion of mutation.
You feel extremely strange.
Icy blue scales grow over part of your body.
The crimson imp zaps a wand.
The bolt of acid hits you!
You die...

##.......##.#..###
#######
#..####.#.......#
#.. ..#.##..#.#
#.# ........#.# #
##.#.###.#.#
...#.###.#.# ..
#.......#
#####.####
#...(@..#
#.##(##.# # #.# #
#5( ##( (. (# (#


You could see a crimson imp.

Vanquished Creatures
  The ghost of Chisa the Skirmisher, a novice TrMo of Yredelemnul (D:7)
  Eustachio (D:5)
  An orc warrior (D:8)
  An ice beast (D:6)
  A necrophage (D:6)
  3 ogres
  2 phantoms
  A centaur (D:7)
  Blork the orc (D:5)
  3 bullfrogs
  A gnoll sergeant (D:6)
  2 scorpions
  3 crimson imps
  A centaur zombie (D:5)
  A jelly (D:6)
  5 hounds
  A gnoll shaman (D:5)
  A centaur skeleton (D:6)
  A bullfrog skeleton (D:6)
  2 iguanas (D:5)
  4 worker ants
  A hound skeleton (D:7)
  A howler monkey zombie (D:6)
  9 gnolls
  7 adders
  A shadow imp (D:7)
  An ooze (D:2)
  An adder skeleton (D:4)
  4 worms
  A dart slug (D:1)
  2 leopard geckos
  4 orcs
  12 giant cockroaches
  18 goblins
  4 hobgoblins
  3 jackals (D:1)
  4 quokkas
  2 ball pythons (D:2)
  8 bats
  4 frilled lizards
  2 goblin skeletons (D:4)
  3 hobgoblin zombies (D:4)
  2 jackal skeletons
  2 kobolds
  2 kobold skeletons (D:4)
  A kobold zombie (D:4)
  An orc skeleton (D:4)
  4 orc zombies (D:4)
  A quokka skeleton (D:4)
  11 rats
153 creatures vanquished.

Vanquished Creatures (others)
  A frilled lizard (D:5)
1 creature vanquished.

Grand Total: 154 creatures vanquished

Notes
Turn   | Place    | Note
-------+----------+-------------------------------------------
     0 | D:1      | jmlagarto the Halfling Hunter began the quest for the Orb.
     0 | D:1      | Reached XP level 1. HP: 14/14 MP: 1/1
    37 | D:1      | Reached skill level 6 in Slings
    42 | D:1      | Reached XP level 2. HP: 8/19 MP: 2/2
   542 | D:1      | Reached XP level 3. HP: 18/24 MP: 3/3
  1169 | D:2      | Reached skill level 7 in Slings
  1233 | D:2      | Reached XP level 4. HP: 29/29 MP: 4/4
  2317 | D:3      | Found a glowing golden altar of the Shining One.
  2496 | D:3      | Reached XP level 5. HP: 32/34 MP: 5/5
  2540 | D:4      | Reached skill level 8 in Slings
  2571 | D:4      | Reached skill level 1 in Armour
  2573 | D:4      | Found a glowing golden altar of the Shining One.
  2972 | D:4      | Reached XP level 6. HP: 41/41 MP: 6/6
  3105 | D:4      | Found an iron altar of Okawaru.
  3190 | D:4      | Became a worshipper of Warmaster Okawaru
  3293 | D:5      | Entered Level 5 of the Dungeon
  3350 | D:5      | Reached skill level 9 in Slings
  3417 | D:5      | Noticed Blork the orc
  3432 | D:5      | Killed Blork the orc
  3438 | D:5      | Found a glowing silver altar of Zin.
  3439 | D:5      | Noticed an angel
  3441 | D:5      | Found a shimmering altar of Xom.
  3548 | D:5      | Noticed a phantom
  3563 | D:5      | Killed a phantom
  3563 | D:5      | Reached XP level 7. HP: 42/46 MP: 7/7
  3668 | D:5      | Reached * piety under Okawaru
  3668 | D:5      | Reached skill level 10 in Slings
  3729 | D:5      | Found Cig Evah's Weapon Emporium.
  3749 | D:5      | Bought 23 stones for 32 gold pieces
  3749 | D:5      | Bought 12 stones for 16 gold pieces
  4147 | D:5      | Noticed Eustachio
  4199 | D:5      | Killed Eustachio
  4199 | D:5      | Reached skill level 11 in Slings
  4199 | D:5      | Reached XP level 8. HP: 40/54 MP: 8/8
  4508 | D:6      | Reached ** piety under Okawaru
  4544 | D:6      | Reached skill level 12 in Slings
  4917 | D:6      | Reached skill level 5 in Fighting
  4942 | D:6      | Reached XP level 9. HP: 61/61 MP: 9/9
  5108 | D:6      | Found a staircase to the Ecumenical Temple.
  5200 | D:6      | Found Eqaor's Weapon Boutique.
  5208 | D:6      | Bought 18 stones for 19 gold pieces
  5208 | D:6      | Bought 16 stones for 17 gold pieces
  6320 | D:8      | Reached *** piety under Okawaru
  6511 | D:8      | Reached skill level 13 in Slings
  6885 | D:7      | Found a radiant altar of Vehumet.
  6937 | D:7      | Noticed Chisa's ghost (novice TrMo)
  7013 | D:7      | Killed Chisa's ghost
  7013 | D:7      | Reached **** piety under Okawaru
  7013 | D:7      | Received a gift from Okawaru
  7446 | D:7      | HP: 2/64 [acid (14)]
  7447 | D:7      | Gained mutation: You are partially covered in icy blue scales. (AC +2) [potion of mutation]
  7447 | D:7      | Killed from afar by a crimson imp

Skill      XL: |  1  2  3  4  5  6  7  8  9 |
---------------+----------------------------+-----
Slings         | 6 7 8 9 11 12 13 | 13.5
Fighting       | 2 3 5 7 |  7.0
Armour         | 1 2 3 |  3.7
Dodging        | 3 4 |  4.3
Stealth        | 2 |  2.3
Invocations    | |  0.2

Action                   |  1- 3 |  4- 6 |  7- 9 || total
-------------------------+-------+-------+-------++-------
 Fire: Hunting sling     |   102 |   180 |   535 ||   817
Invok: Heroism           |       |       |     1 ||     1
  Use: Potion            |       |       |     8 ||     8
  Eat: Chunk             |       |     6 |       ||     6
       Bread ration      |       |     2 |       ||     2
       Fruit             |       |     1 |       ||     1
       Meat ration       |       |       |     2 ||     2
Armor: Leather armour    |     4 |     8 |    52 ||    64
Dodge: Dodged            |    15 |    19 |   136 ||   170
